Map: Orbital Shipyard

Players

BoboLuvRcoon

  • Race: Zerg Zerg

Bop - Winner!

  • Race: Terran Terran

VOD

Have the link to the VOD?

Description

Time

  • Played on: May 6, 2015, 11:06 p.m.
  • Length: 8:50
Show
View Real Time Build Order
Export as new Build Order

BoboLuvRcoon Zerg 

Build Orders: Hatch First, Muta Ling Bane 

Get SALT Encoding   

  12  0:01  Drone  
  13  0:12  Overlord  
  13  0:17  Drone  
  14  0:30  Drone x2  
  16  0:38  Drone  
  17  0:55  Hatchery  
  16  1:00  Drone  
  17  1:06  Drone, Extractor  
  17  1:16  Spawning Pool  
  16  1:19  Drone  
  17  1:27  Overlord  
  17  1:40  Drone x2  
  19  1:58  Hatchery  
  19  2:00  Drone  
  19  2:03  Overlord  
  20  2:09  Metabolic Boost  
  20  2:11  Queen, Extractor  
  20  2:14  Drone  
  22  2:17  Drone  
  23  2:23  Drone x2  
  25  2:32  Queen  
  27  2:37  Drone  
  27  2:38  Drone  
  27  2:43  Drone x2  
  31  2:51  Drone  
  31  2:54  Drone  
  33  3:04  Hatchery  
  32  3:09  Zergling x4  
  32  3:11  Queen  
  36  3:14  Drone  
  36  3:18  Overlord  
  37  3:26  Drone x4  
  41  3:31  Zergling x2  
  42  3:35  Drone, Overlord  
  42  3:40  Drone  
  45  3:41  Drone, Extractor  
  45  3:46  Drone x3  
  45  3:47  Zergling x2  
  48  3:53  Extractor  
  46  3:56  Zergling x2  
  47  4:09  Overlord, Zergling x2  
  48  4:10  Drone  
  48  4:15  Extractor  
  48  4:18  Drone x2  
  48  4:23  Zergling x2  
  51  4:27  Zergling x2  
  51  4:28  Zergling x2  
  51  4:31  Drone, Zergling x6  
  57  4:39  Lair, Drone  
  57  4:40  Zergling x6  
  57  4:41  Overlord, Drone  
  57  4:42  Queen  
  57  4:43  Overlord  
  64  4:49  Evolution Chamber  
  64  4:50  Baneling Nest  
  62  4:54  Drone, Zergling x2  
  62  4:55  Drone x2  
  62  4:57  Drone x2  
  62  4:58  Drone x2  
  70  5:01  Drone  
  71  5:12  Drone  
  71  5:13  Drone x5  
  77  5:15  Extractor  
  77  5:16  Extractor  
  77  5:17  Overlord  
  75  5:22  Overlord  
  74  5:39  Zergling x2  
  74  5:40  Zergling x2  
  74  5:42  Centrifical Hooks, Zerg Ground Armor Level 1  
  74  5:43  Spire, Zergling x2  
  74  5:44  Drone, Zergling x6  
  74  5:47  Drone  
  74  5:48  Drone  
  80  6:06  Zergling x6  
  80  6:07  Zergling x4  
  80  6:10  Drone x6  
  91  6:14  Drone  
  91  6:16  Zergling x2  
  93  6:23  Hatchery  
  92  6:29  Zergling x4  
  92  6:31  Evolution Chamber  
  90  6:49  Overlord  
  90  6:55  Mutalisk x4  
  90  6:56  Overlord  
  98  7:14  Overlord x2  
  98  7:15  Mutalisk x4  
  100  7:16  Zergling x6  
  100  7:17  Zergling x2  
  100  7:18  Overlord  
  100  7:19  Overlord  
  106  7:23  Overlord  
  106  7:28  Drone x5  
  110  7:30  Drone  
  110  7:34  Spore Crawler  
  111  7:37  Drone x3  
  111  7:38  Drone x5  
  111  7:39  Mutalisk  
  120  7:46  Baneling x4  
  120  7:47  Baneling x3  
  120  7:51  Mutalisk x3  
  120  7:52  Zergling x2  
  127  8:03  Zergling x8  
  127  8:04  Baneling  
  127  8:05  Baneling x3  
  130  8:19  Zergling x4  
  122  8:20  Zergling x14  
  122  8:22  Zergling x8  
  122  8:23  Zergling x2  
  121  8:27  Zergling x6  
  121  8:29  Zergling x4  
Show
View Real Time Build Order
Export as new Build Order

Bop Terran - Winner!

Build Orders: Command Center First (CC), MMM Bio 

Get SALT Encoding   

  12  0:00  SCV  
  13  0:13  SCV  
  14  0:20  Supply Depot  
  14  0:25  SCV  
  15  0:42  SCV  
  16  0:57  Command Center  
  16  1:00  SCV  
  17  1:12  Barracks  
  17  1:16  SCV  
  18  1:30  SCV  
  19  1:34  Barracks  
  19  1:42  SCV  
  20  1:54  Supply Depot  
  20  1:59  Marine  
  20  2:00  Orbital Command  
  21  2:11  Orbital Command  
  21  2:17  Marine  
  21  2:20  Refinery  
  22  2:23  Marine  
  22  2:26  SCV  
  24  2:35  Marine  
  25  2:38  SCV  
  25  2:39  SCV  
  25  2:41  Marine  
  28  2:50  SCV  
  29  2:51  SCV  
  29  2:53  Refinery  
  30  3:01  Barracks Tech Lab  
  30  3:02  SCV  
  30  3:04  SCV  
  32  3:06  Command Center  
  32  3:12  Barracks  
  32  3:14  Barracks Reactor  
  32  3:22  SCV x2  
  34  3:29  Supply Depot  
  34  3:32  Marine  
  34  3:34  SCV x2  
  37  3:42  Stimpack  
  37  3:46  SCV x2  
  39  3:50  Marine x2  
  39  3:51  Marine  
  42  4:01  Barracks Reactor  
  42  4:03  SCV  
  42  4:04  SCV  
  42  4:07  Refinery  
  42  4:08  Supply Depot  
  44  4:11  Marine x3  
  44  4:16  SCV x2  
  49  4:20  Orbital Command  
  49  4:21  Missile Turret  
  49  4:23  Factory  
  49  4:28  SCV x2, Marine x2  
  49  4:29  Marine  
  54  4:39  Marine  
  54  4:40  SCV x2, Marine  
  54  4:44  Refinery  
  54  4:45  Supply Depot  
  58  4:46  SCV, Marine x2  
  58  4:47  Supply Depot, Marauder  
  58  4:52  SCV x2  
  65  4:59  Orbital Command  
  66  5:00  Supply Depot  
  66  5:02  Supply Depot  
  66  5:04  SCV x2  
  67  5:09  Starport  
  67  5:10  Factory Tech Lab  
  67  5:14  Marine x3  
  67  5:15  Marine  
  71  5:28  SCV x3  
  74  5:32  Siege Tank  
  77  5:40  SCV x3  
  79  5:43  Marine  
  79  5:44  Combat Shields, Marine x4  
  79  5:46  Medivac  
  86  5:52  SCV  
  86  5:53  Armory, SCV x2  
  86  5:54  Supply Depot, Engineering Bay, Bunker  
  86  5:55  Engineering Bay  
  89  6:01  Marine x2  
  89  6:03  Marine x2  
  93  6:09  Barracks  
  93  6:10  Barracks x2  
  93  6:11  Siege Tank  
  93  6:16  Starport Reactor  
  96  6:19  SCV x3  
  96  6:24  Marine x4  
  103  6:29  Terran Infantry Weapons Level 1, Terran Infantry Armor Level 1  
  103  6:31  SCV x2  
  103  6:32  SCV  
  106  6:33  Refinery  
  106  6:34  Factory, Refinery  
  106  6:40  Supply Depot  
  106  6:43  SCV, Siege Tank  
  106  6:44  Supply Depot  
  110  6:48  Marine  
  110  6:49  Marine x3  
  110  6:51  SCV x2  
  116  6:55  SCV  
  116  7:00  Supply Depot x2  
  117  7:01  Medivac x2  
  117  7:03  SCV  
  117  7:06  Marine  
  117  7:07  Barracks Reactor x2, Marine x2  
  117  7:08  Barracks Reactor  
  125  7:15  SCV x3, Siege Tank  
  128  7:20  Factory Tech Lab  
  128  7:21  Marine x2  
  133  7:24  Marine x2  
  133  7:29  Marine  
  136  7:38  Marine  
  136  7:39  Marine  
  136  7:42  Marine  
  139  7:44  Marine x7  
  139  7:45  Siege Tank  
  139  7:50  Siege Tank, Marine  
  153  8:03  Marine x4  
  157  8:18  Marine x6  
  157  8:19  Medivac, Marine  
  157  8:22  Marine x3  
  157  8:23  Marine  
  157  8:25  SCV  
  157  8:26  SCV  
  157  8:29  SCV, Supply Depot  
  157  8:30  Supply Depot  
  157  8:41  Barracks  
  157  8:43  Barracks x2  
Tags
 
Add a new tag
Caveats
  • Supply blocks, unpowered buildings, or Contaminate may cause inaccurate times.
  • Supply counts are checked every 10 seconds.